Canadiens vs Bruins

Created - April 23, 2022 at 17:47

Goals
1 2 3 T
Canadiens 0 1 1 2
Bruins 0 0 3 3
Shots
1 2 3 T
Canadiens 11 14 14 39
Bruins 10 6 12 28

GoalsPenalties
1st period
No Goal
Dylan DeMelo (BOS) for Holding (Minor) at 17:47
2nd period
1. Canadiens , Ivan Provorov 10 (Clayton Keller 25, Aaron Ekblad 55) at 8:57 (PP)
Marco Scandella (BOS) for Holding (Minor) at 1:34
Paul Stastny (BOS) for Roughing (Minor) at 7:04
Michael Anderson (BOS) for Hooking (Minor) at 16:31
3rd period
2. Canadiens , Ivan Provorov 11 (Alex DeBrincat 36, Mark Scheifele 40) at 1:56
3. Bruins , Chris Tierney 10 (Nick Jensen 16, Taylor Raddysh 3) at 6:23
4. Bruins , Pius Suter 8 (Chris Tierney 16) at 15:07
5. Bruins , Sean Couturier 24 (Pius Suter 8) at 19:16 (PP)
Lawson Crouse (BOS) for Hooking (Minor) at 9:36
Scott Mayfield (MTL) for Tripping (Minor) at 17:30
Goalie Stats
Marc-Andre Fleury (MTL), 25 saves from 28 shots - (0.893), L, 30-16-3, 59:46 minutes
Pavel Francouz (BOS), 37 saves from 39 shots - (0.949), W, 16-11-3, 60:00 minutes
3 StarsOfficial
1 - Chris Tierney (BOS)
2 - Ivan Provorov (MTL)
3 - Pius Suter (BOS)
Referees : Gord Dwyer and Marc Joannette
Linesman : Brandon Gawryletz and Libor Suchanek
Game Note
No Game Note
Finance
Level 1 -- Attendance: 5333 (88.88%) -- Ticket Income $879,945
Level 2 -- Attendance: 4996 (99.92%) -- Ticket Income $574,540
Level 3 -- Attendance: 4000 (100.00%) -- Ticket Income $360,000
Level 4 -- Attendance: 2767 (92.23%) -- Ticket Income $179,855
Luxury Box -- Attendance: 970 (97.00%) -- Ticket Income $247,350
Game was played at the TD Banknorth Garden.
Total Attendance: 18066 (95.08%)
Total Ticket Income: $2,241,690
Total Income: $2,241,690



Team Name Goals Shots Shots Attemp Shots Blocked PIM HIT PP PK FO%
Canadiens 2397132151 / 5 (20%)153%
Bruins 32843310271 / 1 (100%)147%

Canadiens
Player Name POS G A P +/- PIM HIT SHT SB MP PP MP PP SHT PK MP PK SHT FO% FOT
Aaron EkbladD011-1021025:484:2611:0500% 0
Alex DeBrincatLW/RW0110025020:285:3400:000100% 3
Brandon TanevLW/RW0000032012:400:0000:5600% 1
Brayden SchennC/LW/RW000-1032016:464:1500:00041% 17
Clayton KellerC/LW/RW011-1003018:055:3420:0000% 1
Connor MurphyD0001014017:485:2330:4100% 0
Daniel SprongLW/RW0000000014:110:0000:0000% 1
Dillon DubeC/RW0000001011:440:0000:0000% 0
Isac LundestromC/LW0000000010:060:0000:5000% 1
Ivan ProvorovD2021008125:204:2650:4100% 0
Jonny BrodzinskiRW0000010010:060:0000:5000% 0
Mark ScheifeleC0110006020:285:3420:00059% 32
Nazem KadriC/LW0000014015:594:1530:00048% 23
Nikolaj EhlersLW/RW000-1000017:294:1500:0000% 0
Ryan GetzlafC0000000010:120:0000:56069% 13
Scott MayfieldD000-1201117:105:2300:0000% 0
Tucker PoolmanD000-1012116:240:0000:0000% 0
Vladislav GavrikovD000-1010017:290:0001:0500% 0
Bruins
Player Name POS G A P +/- PIM HIT SHT SB MP PP MP PP SHT PK MP PK SHT FO% FOT
Ben HuttonD0001021021:020:0005:2600% 0
Chris TierneyC/LW1122017019:340:2506:03067% 3
Denis GurianovLW/RW000-1011015:201:0210:0000% 0
Dylan DeMeloD0000220019:370:4302:5700% 0
Jay BeagleC0000000011:310:0006:41046% 26
Joonas DonskoiLW/RW0000004017:380:4400:0000% 0
Jordan GreenwayLW/RW0000051017:310:3700:00033% 3
Lawson CrouseLW/RW000-1221017:450:0002:45050% 2
Marco ScandellaD0000230021:331:0303:4000% 0
Matthew HighmoreLW/RW000000104:070:0000:0000% 0
Michael AndersonD0000241319:011:0300:2100% 0
Nick JensenD0110010023:180:4305:5400% 0
Paul StastnyC/LW000-1202016:201:0201:01035% 20
Pius SuterC/RW1122003013:070:4410:00050% 2
Sean CouturierC1010025017:380:4410:00076% 17
Taylor RaddyshC/RW0112021012:230:0000:00020% 15
Trevor LewisC/RW000000007:150:0003:08075% 4
William BorgenD0001020015:260:0001:2000% 0

Canadiens

5 vs 5 Forward
Line #Left WingCenterRight WingPHYDFOFWanted %Time %Time Play
1Alex DeBrincatMark ScheifeleDaniel Sprong1132930%14:11
2Clayton KellerBrayden SchennNikolaj Ehlers1132626%12:31
3Brandon TanevNazem KadriDillon Dube1222525%11:44
4Isac LundestromRyan GetzlafJonny Brodzinski1222019%9:16
5 vs 5 Defense
Line #DefenseDefensePHYDFOFWanted %Time %Time Play
1Ivan ProvorovConnor Murphy1312725%11:44
2Aaron EkbladScott Mayfield1312725%11:48
3Vladislav GavrikovTucker Poolman2212634%16:24
4Ivan ProvorovAaron Ekblad1312016%7:46
Power Play Forward
Line #Left WingCenterRight WingPHYDFOFWanted %Time %Time Play
1Alex DeBrincatMark ScheifeleClayton Keller0145057%5:34
2Brayden SchennNazem KadriNikolaj Ehlers0145043%4:15
Power Play Defense
Line #DefenseDefensePHYDFOFWanted %Time %Time Play
1Ivan ProvorovAaron Ekblad0235045%4:26
2Connor MurphyScott Mayfield0235055%5:23
Penalty Kill 4 Players Forward
Line #CenterWingPHYDFOFWanted %Time %Time Play
1Ryan GetzlafBrandon Tanev1315053%0:56
2Isac LundestromJonny Brodzinski1315047%0:50
Penalty Kill 4 Players Defense
Line #DefenseDefensePHYDFOFWanted %Time %Time Play
1Ivan ProvorovConnor Murphy2305039%0:41
2Aaron EkbladScott Mayfield2305061%1:05
Penalty Kill 3 Players
Line #WingPHYDFOFWanted %Time %Time PlayDefenseDefensePHYDFOFWanted %Time %Time Play
1Brandon Tanev131500%0:00 Ivan ProvorovConnor Murphy230500%0:00
2Ryan Getzlaf131500%0:00 Aaron EkbladScott Mayfield230500%0:00
4 vs 4 Forward
Line #CenterWingPHYDFOFWanted %Time %Time Play
1Mark ScheifeleAlex DeBrincat113500%0:00
2Nazem KadriNikolaj Ehlers113500%0:00
4 vs 4 Defense
Line #DefensePHYDFOFWanted %Time %Time Play
1Ivan ProvorovConnor Murphy131500%0:00
2Aaron EkbladScott Mayfield131500%0:00
Last Minutes Offensive
Left WingCenterRight WingDefenseDefense
Alex DeBrincatMark ScheifeleNikolaj EhlersIvan ProvorovAaron Ekblad
Last Minutes Defensive
Left WingCenterRight WingDefenseDefense
Isac LundestromRyan GetzlafBrandon TanevIvan ProvorovConnor Murphy
Time
Total ForwardTotal DefenseLast Minutes OffensiveLast Minutes Defensive
60:00 60:00 0:430:00
Extra Forwards
Normal PowerPlayPenalty Kill
Nazem Kadri, Mark Scheifele, Alex DeBrincatBrandon Tanev, Dillon DubeBrayden Schenn
Extra Defensemen
Normal PowerPlayPenalty Kill
Aaron Ekblad, Ivan Provorov, Connor MurphyVladislav Gavrikov, Vladislav GavrikovTucker Poolman
Penalty Shots
Ryan Getzlaf, Daniel Sprong, Brandon Tanev, Mark Scheifele, Jonny Brodzinski
Goalie
Marc-Andre Fleury, Alex Nedeljkovic
Custom OT Lines Forwards
Mark Scheifele, Alex DeBrincat, Nazem Kadri, Brayden Schenn, Nikolaj Ehlers, Clayton Keller, Brandon Tanev, Ryan Getzlaf, Dillon Dube, Daniel Sprong
Custom OT Lines Defensemen
Ivan Provorov, Aaron Ekblad, Connor Murphy, Scott Mayfield, Vladislav Gavrikov
Scratches
Zach Bogosian (Healthy)

Bruins

5 vs 5 Forward
Line #Left WingCenterRight WingPHYDFOFWanted %Time %Time Play
1Joonas DonskoiSean CouturierJordan Greenway0323535%16:54
2Denis GurianovPaul StastnyLawson Crouse0323030%14:18
3Chris TierneyTaylor RaddyshPius Suter0322926%12:23
4Matthew HighmoreJay BeagleTrevor Lewis03269%4:07
5 vs 5 Defense
Line #DefenseDefensePHYDFOFWanted %Time %Time Play
1Michael AndersonMarco Scandella0413537%17:38
2Nick JensenDylan DeMelo0413031%14:56
3Ben HuttonWilliam Borgen0412930%14:06
4Nick JensenDylan DeMelo04162%1:02
Power Play Forward
Line #Left WingCenterRight WingPHYDFOFWanted %Time %Time Play
1Joonas DonskoiSean CouturierPius Suter1045542%0:44
2Jordan GreenwayPaul StastnyDenis Gurianov1044558%1:02
Power Play Defense
Line #DefenseDefensePHYDFOFWanted %Time %Time Play
1Michael AndersonMarco Scandella0057059%1:03
2Dylan DeMeloNick Jensen0053041%0:43
Penalty Kill 4 Players Forward
Line #CenterWingPHYDFOFWanted %Time %Time Play
1Jay BeagleChris Tierney0506068%6:41
2Trevor LewisLawson Crouse0504032%3:08
Penalty Kill 4 Players Defense
Line #DefenseDefensePHYDFOFWanted %Time %Time Play
1Nick JensenMarco Scandella0506056%5:31
2Ben HuttonDylan DeMelo0504044%4:18
Penalty Kill 3 Players
Line #WingPHYDFOFWanted %Time %Time PlayDefenseDefensePHYDFOFWanted %Time %Time Play
1Jay Beagle050600%0:00 Nick JensenMarco Scandella050600%0:00
2Trevor Lewis050400%0:00 Ben HuttonDylan DeMelo050400%0:00
4 vs 4 Forward
Line #CenterWingPHYDFOFWanted %Time %Time Play
1Sean CouturierJoonas Donskoi032500%0:00
2Paul StastnyLawson Crouse032500%0:00
4 vs 4 Defense
Line #DefensePHYDFOFWanted %Time %Time Play
1Nick JensenMarco Scandella041500%0:00
2Dylan DeMeloBen Hutton041500%0:00
Last Minutes Offensive
Left WingCenterRight WingDefenseDefense
Joonas DonskoiSean CouturierJordan GreenwayNick JensenMichael Anderson
Last Minutes Defensive
Left WingCenterRight WingDefenseDefense
Chris TierneyJay BeagleLawson CrouseBen HuttonNick Jensen
Time
Total ForwardTotal DefenseLast Minutes OffensiveLast Minutes Defensive
60:00 60:00 0:000:43
Extra Forwards
Normal PowerPlayPenalty Kill
Jordan Greenway, Pius Suter, Joonas DonskoiJordan Greenway, Denis GurianovJay Beagle
Extra Defensemen
Normal PowerPlayPenalty Kill
Nick Jensen, Ben Hutton, Marco ScandellaMichael Anderson, Nick JensenBen Hutton
Penalty Shots
Sean Couturier, Pius Suter, Denis Gurianov, Joonas Donskoi, Jordan Greenway
Goalie
Pavel Francouz, Linus Ullmark
Custom OT Lines Forwards
Sean Couturier, Joonas Donskoi, Denis Gurianov, Jordan Greenway, Lawson Crouse, Paul Stastny, Pius Suter, Taylor Raddysh, Matthew Highmore, Chris Tierney
Custom OT Lines Defensemen
Nick Jensen, Marco Scandella, Ben Hutton, Dylan DeMelo, William Borgen
Scratches
Brad Marchand (Groin Injury), William Lagesson (Healthy), Justin Schultz (Healthy)


Play-by-Play

1st period


0:01 of 1st period - Mark Scheifele wins face-off versus Sean Couturier in neutral zone.
0:03 of 1st period - Alex DeBrincat is hit by Michael Anderson and loses puck.
0:09 of 1st period - Daniel Sprong is hit by Michael Anderson and loses puck.
0:15 of 1st period - Alex DeBrincat is hit by Michael Anderson and loses puck.
0:20 of 1st period - Shot by Alex DeBrincat.
0:20 of 1st period - Stopped by Pavel Francouz with a rebound.
0:26 of 1st period - Shot by Alex DeBrincat.
0:26 of 1st period - Shot Misses the Net.
1:10 of 1st period - Shot by Clayton Keller.
1:10 of 1st period - Shot Blocked by Michael Anderson.
1:12 of 1st period - Shot by Clayton Keller.
1:12 of 1st period - Shot Misses the Net.
1:26 of 1st period - Shot by Brayden Schenn.
1:26 of 1st period - Stopped by Pavel Francouz without a rebound.
1:27 of 1st period - Paul Stastny wins face-off versus Nazem Kadri in Bruins zone.
1:52 of 1st period - Shot by Dillon Dube.
1:52 of 1st period - Stopped by Pavel Francouz with a rebound.
1:54 of 1st period - Shot by Tucker Poolman.
1:54 of 1st period - Stopped by Pavel Francouz without a rebound.
1:55 of 1st period - Ryan Getzlaf wins face-off versus Chris Tierney in Bruins zone.
3:38 of 1st period - Nick Jensen is hit by Nazem Kadri and loses puck.
3:48 of 1st period - Icing by Denis Gurianov.
3:49 of 1st period - Mark Scheifele wins face-off versus Paul Stastny in Bruins zone.
3:49 of 1st period - Aaron Ekblad is hit by Dylan DeMelo and loses puck.
4:00 of 1st period - Shot by Scott Mayfield.
4:00 of 1st period - Stopped by Pavel Francouz without a rebound.
4:01 of 1st period - Jay Beagle wins face-off versus Brayden Schenn in Bruins zone.
5:01 of 1st period - Icing by Aaron Ekblad.
5:02 of 1st period - Paul Stastny wins face-off versus Mark Scheifele in Canadiens zone.
5:40 of 1st period - Shot by Lawson Crouse.
5:40 of 1st period - Shot Misses the Net.
6:23 of 1st period - Shot by Joonas Donskoi.
6:23 of 1st period - Stopped by Marc-Andre Fleury without a rebound.
6:24 of 1st period - Brayden Schenn wins face-off versus Pius Suter in Canadiens zone.
6:33 of 1st period - Shot by Chris Tierney.
6:33 of 1st period - Stopped by Marc-Andre Fleury without a rebound.
6:34 of 1st period - Ryan Getzlaf wins face-off versus Taylor Raddysh in Canadiens zone.
6:50 of 1st period - Chris Tierney is hit by Connor Murphy and loses puck.
6:55 of 1st period - Shot by Chris Tierney.
6:55 of 1st period - Stopped by Marc-Andre Fleury without a rebound.
6:56 of 1st period - Sean Couturier wins face-off versus Brayden Schenn in Canadiens zone.
7:05 of 1st period - Shot by Joonas Donskoi.
7:05 of 1st period - Shot Blocked by Tucker Poolman.
7:07 of 1st period - Shot by Sean Couturier.
7:07 of 1st period - Shot Misses the Net.
7:09 of 1st period - Shot by William Borgen.
7:09 of 1st period - Shot Misses the Net.
7:11 of 1st period - Shot by William Borgen.
7:11 of 1st period - Shot Misses the Net.
7:52 of 1st period - Off-side.
7:53 of 1st period - Ryan Getzlaf wins face-off versus Taylor Raddysh in neutral zone.
8:19 of 1st period - Aaron Ekblad is hit by Marco Scandella and loses puck.
8:28 of 1st period - Shot by Chris Tierney.
8:28 of 1st period - Shot Misses the Net.
8:35 of 1st period - Aaron Ekblad is hit by Michael Anderson and loses puck.
9:17 of 1st period - Icing by Nick Jensen.
9:18 of 1st period - Nazem Kadri wins face-off versus Lawson Crouse in Bruins zone.
9:39 of 1st period - Shot by Aaron Ekblad.
9:39 of 1st period - Shot Misses the Net.
9:41 of 1st period - Shot by Aaron Ekblad.
9:41 of 1st period - Shot Misses the Net.
9:43 of 1st period - Shot by Brandon Tanev.
9:43 of 1st period - Shot Misses the Net.
10:20 of 1st period - Shot by Sean Couturier.
10:20 of 1st period - Stopped by Marc-Andre Fleury with a rebound.
10:22 of 1st period - Shot by Jordan Greenway.
10:22 of 1st period - Shot Blocked by Scott Mayfield.
10:27 of 1st period - Icing by Brandon Tanev.
10:28 of 1st period - Trevor Lewis wins face-off versus Brandon Tanev in Canadiens zone.
10:57 of 1st period - Shot by Jay Beagle.
10:57 of 1st period - Deflect By Matthew Highmore.
10:57 of 1st period - Stopped by Marc-Andre Fleury with a rebound.
11:03 of 1st period - Shot by Jay Beagle.
11:03 of 1st period - Shot Misses the Net.
11:26 of 1st period - Taylor Raddysh is hit by Brandon Tanev and loses puck.
11:42 of 1st period - Shot by Chris Tierney.
11:42 of 1st period - Stopped by Marc-Andre Fleury with a rebound.
11:53 of 1st period - Alex DeBrincat is hit by Jordan Greenway and loses puck.
12:19 of 1st period - Icing by Ivan Provorov.
12:20 of 1st period - Alex DeBrincat wins face-off versus Paul Stastny in Canadiens zone.
12:32 of 1st period - Shot by Paul Stastny.
12:32 of 1st period - Stopped by Marc-Andre Fleury without a rebound.
12:33 of 1st period - Brayden Schenn wins face-off versus Jay Beagle in Canadiens zone.
13:34 of 1st period - Off-side.
13:35 of 1st period - Mark Scheifele wins face-off versus Paul Stastny in neutral zone.
13:48 of 1st period - Shot by Alex DeBrincat.
13:48 of 1st period - Stopped by Pavel Francouz without a rebound.
13:49 of 1st period - Chris Tierney wins face-off versus Ryan Getzlaf in Bruins zone.
13:49 of 1st period - Chris Tierney is hit by Jonny Brodzinski.
14:05 of 1st period - Shot by Chris Tierney.
14:05 of 1st period - Shot Misses the Net.
14:07 of 1st period - Shot by Ben Hutton.
14:07 of 1st period - Stopped by Marc-Andre Fleury with a rebound.
14:47 of 1st period - Shot by Sean Couturier.
14:47 of 1st period - Stopped by Marc-Andre Fleury with a rebound.
14:54 of 1st period - Icing by Connor Murphy.
14:55 of 1st period - Brayden Schenn wins face-off versus Paul Stastny in Canadiens zone.
16:08 of 1st period - Shot by Alex DeBrincat.
16:08 of 1st period - Shot Misses the Net.
16:22 of 1st period - Shot by Sean Couturier.
16:22 of 1st period - Deflect By Joonas Donskoi.
16:22 of 1st period - Stopped by Marc-Andre Fleury without a rebound.
16:23 of 1st period - Taylor Raddysh wins face-off versus Nazem Kadri in Canadiens zone.
16:54 of 1st period - Shot by Brandon Tanev.
16:54 of 1st period - Deflect By Nazem Kadri.
16:54 of 1st period - Shot Misses the Net.
16:57 of 1st period - Icing by Chris Tierney.
16:58 of 1st period - Brayden Schenn wins face-off versus Taylor Raddysh in Bruins zone.
17:20 of 1st period - Shot by Connor Murphy.
17:20 of 1st period - Shot Misses the Net.
17:22 of 1st period - Shot by Connor Murphy.
17:22 of 1st period - Deflect By Brayden Schenn.
17:22 of 1st period - Shot Misses the Net.
17:24 of 1st period - Shot by Ivan Provorov.
17:24 of 1st period - Stopped by Pavel Francouz without a rebound.
17:25 of 1st period - Sean Couturier wins face-off versus Ryan Getzlaf in Bruins zone.
17:29 of 1st period - Icing by Nick Jensen.
17:30 of 1st period - Sean Couturier wins face-off versus Mark Scheifele in Bruins zone.
17:45 of 1st period - Mark Scheifele is hit by Nick Jensen and loses puck.
17:47 of 1st period - Minor Penalty to Dylan DeMelo for Holding.
17:48 of 1st period - Chris Tierney wins face-off versus Nazem Kadri in Bruins zone.
17:48 of 1st period - Chris Tierney is hit by Brayden Schenn.
17:57 of 1st period - Icing by Nazem Kadri.
17:58 of 1st period - Jay Beagle wins face-off versus Nazem Kadri in Canadiens zone.
18:13 of 1st period - Shot by Brayden Schenn.
18:13 of 1st period - Shot Hit the Post.
18:31 of 1st period - Shot by Nazem Kadri.
18:31 of 1st period - Stopped by Pavel Francouz without a rebound.
18:32 of 1st period - Lawson Crouse wins face-off versus Mark Scheifele in Bruins zone.
18:47 of 1st period - Shot by Ivan Provorov.
18:47 of 1st period - Stopped by Pavel Francouz without a rebound.
18:48 of 1st period - Jay Beagle wins face-off versus Mark Scheifele in Bruins zone.
18:54 of 1st period - Icing by Alex DeBrincat.
18:55 of 1st period - Mark Scheifele wins face-off versus Jay Beagle in Canadiens zone.
19:02 of 1st period - Shot by Aaron Ekblad.
19:02 of 1st period - Shot Misses the Net.
19:04 of 1st period - Shot by Ivan Provorov.
19:04 of 1st period - Stopped by Pavel Francouz without a rebound.
19:05 of 1st period - Nazem Kadri wins face-off versus Jay Beagle in Bruins zone.
19:12 of 1st period - Shot by Connor Murphy.
19:12 of 1st period - Stopped by Pavel Francouz without a rebound.
19:13 of 1st period - Jay Beagle wins face-off versus Mark Scheifele in Bruins zone.
19:49 of 1st period - Ryan Getzlaf is hit by Jordan Greenway and loses puck.
19:59 of 1st period - Joonas Donskoi is hit by Vladislav Gavrikov and loses puck.
Goals for this period are 0 for Canadiens vs 0 for Bruins.
Shots for this period are 11 for Canadiens vs 10 for Bruins.

2nd period


0:01 of 2nd period - Mark Scheifele wins face-off versus Jordan Greenway in neutral zone.
0:10 of 2nd period - Shot by Aaron Ekblad.
0:10 of 2nd period - Shot Misses the Net.
0:24 of 2nd period - Shot by Mark Scheifele.
0:24 of 2nd period - Deflect By Alex DeBrincat.
0:24 of 2nd period - Shot Misses the Net.
0:30 of 2nd period - Shot by Alex DeBrincat.
0:30 of 2nd period - Stopped by Pavel Francouz with a rebound.
0:32 of 2nd period - Shot by Ivan Provorov.
0:32 of 2nd period - Shot Misses the Net.
0:34 of 2nd period - Shot by Mark Scheifele.
0:34 of 2nd period - Shot Misses the Net.
0:40 of 2nd period - Shot by Mark Scheifele.
0:40 of 2nd period - Shot Misses the Net.
1:03 of 2nd period - Icing by Marco Scandella.
1:04 of 2nd period - Brayden Schenn wins face-off versus Paul Stastny in Bruins zone.
1:28 of 2nd period - Clayton Keller is hit by Marco Scandella and loses puck.
1:34 of 2nd period - Minor Penalty to Marco Scandella for Holding.
1:35 of 2nd period - Jay Beagle wins face-off versus Nazem Kadri in Bruins zone.
2:20 of 2nd period - Shot by Ivan Provorov.
2:20 of 2nd period - Stopped by Pavel Francouz without a rebound.
2:21 of 2nd period - Trevor Lewis wins face-off versus Mark Scheifele in Bruins zone.
2:28 of 2nd period - Shot by Clayton Keller.
2:28 of 2nd period - Stopped by Pavel Francouz without a rebound.
2:29 of 2nd period - Trevor Lewis wins face-off versus Clayton Keller in Bruins zone.
2:49 of 2nd period - Icing by Ivan Provorov.
2:50 of 2nd period - Mark Scheifele wins face-off versus Jay Beagle in Canadiens zone.
3:01 of 2nd period - Shot by Alex DeBrincat.
3:01 of 2nd period - Deflect By Mark Scheifele.
3:01 of 2nd period - Stopped by Pavel Francouz without a rebound.
3:02 of 2nd period - Nazem Kadri wins face-off versus Jay Beagle in Bruins zone.
3:05 of 2nd period - Shot by Nazem Kadri.
3:05 of 2nd period - Stopped by Pavel Francouz without a rebound.
3:06 of 2nd period - Nazem Kadri wins face-off versus Jay Beagle in Bruins zone.
3:56 of 2nd period - Isac Lundestrom is hit by Jordan Greenway and loses puck.
4:21 of 2nd period - Ryan Getzlaf is hit by Jordan Greenway and loses puck.
4:51 of 2nd period - Shot by Alex DeBrincat.
4:51 of 2nd period - Shot Misses the Net.
4:54 of 2nd period - Icing by Ben Hutton.
4:55 of 2nd period - Paul Stastny wins face-off versus Nazem Kadri in Bruins zone.
5:02 of 2nd period - Aaron Ekblad is hit by Lawson Crouse and loses puck.
5:36 of 2nd period - Shot by Chris Tierney.
5:36 of 2nd period - Stopped by Marc-Andre Fleury without a rebound.
5:37 of 2nd period - Brayden Schenn wins face-off versus Taylor Raddysh in Canadiens zone.
5:37 of 2nd period - Brayden Schenn is hit by Taylor Raddysh.
5:55 of 2nd period - Shot by Pius Suter.
5:55 of 2nd period - Stopped by Marc-Andre Fleury without a rebound.
5:56 of 2nd period - Alex DeBrincat wins face-off versus Jay Beagle in Canadiens zone.
6:11 of 2nd period - Shot by Mark Scheifele.
6:11 of 2nd period - Stopped by Pavel Francouz without a rebound.
6:12 of 2nd period - Sean Couturier wins face-off versus Brayden Schenn in Bruins zone.
6:41 of 2nd period - Shot by Sean Couturier.
6:41 of 2nd period - Stopped by Marc-Andre Fleury without a rebound.
6:42 of 2nd period - Nazem Kadri wins face-off versus Paul Stastny in Canadiens zone.
7:04 of 2nd period - Minor Penalty to Paul Stastny for Roughing.
7:05 of 2nd period - Mark Scheifele wins face-off versus Jay Beagle in Bruins zone.
7:19 of 2nd period - Shot by Mark Scheifele.
7:19 of 2nd period - Stopped by Pavel Francouz without a rebound.
7:20 of 2nd period - Jay Beagle wins face-off versus Nazem Kadri in Bruins zone.
7:37 of 2nd period - Shot by Connor Murphy.
7:37 of 2nd period - Stopped by Pavel Francouz with a rebound.
8:25 of 2nd period - Shot by Aaron Ekblad.
8:25 of 2nd period - Shot Misses the Net.
8:27 of 2nd period - Shot by Alex DeBrincat.
8:27 of 2nd period - Shot Misses the Net.
8:29 of 2nd period - Shot by Aaron Ekblad.
8:29 of 2nd period - Stopped by Pavel Francouz without a rebound.
8:30 of 2nd period - Mark Scheifele wins face-off versus Jay Beagle in Bruins zone.
8:53 of 2nd period - Shot by Aaron Ekblad.
8:53 of 2nd period - Shot Misses the Net.
8:55 of 2nd period - Shot by Clayton Keller.
8:55 of 2nd period - Stopped by Pavel Francouz with a rebound.
8:57 of 2nd period - Shot by Ivan Provorov.
8:57 of 2nd period - Goal by Ivan Provorov - Canadiens : 1 - Bruins : 0.
8:58 of 2nd period - Ryan Getzlaf wins face-off versus Jordan Greenway in neutral zone.
9:25 of 2nd period - Jonny Brodzinski is hit by William Borgen and loses puck.
9:52 of 2nd period - Icing by Aaron Ekblad.
9:53 of 2nd period - Pius Suter wins face-off versus Nazem Kadri in Canadiens zone.
11:07 of 2nd period - Shot by Paul Stastny.
11:07 of 2nd period - Stopped by Marc-Andre Fleury with a rebound.
11:52 of 2nd period - Off-side.
11:53 of 2nd period - Sean Couturier wins face-off versus Ryan Getzlaf in neutral zone.
11:56 of 2nd period - Shot by Jordan Greenway.
11:56 of 2nd period - Stopped by Marc-Andre Fleury without a rebound.
11:57 of 2nd period - Ryan Getzlaf wins face-off versus Taylor Raddysh in Canadiens zone.
13:04 of 2nd period - Shot by Sean Couturier.
13:04 of 2nd period - Stopped by Marc-Andre Fleury without a rebound.
13:05 of 2nd period - Jay Beagle wins face-off versus Brayden Schenn in Canadiens zone.
13:08 of 2nd period - Shot by Trevor Lewis.
13:08 of 2nd period - Shot Misses the Net.
13:16 of 2nd period - Shot by Brayden Schenn.
13:16 of 2nd period - Stopped by Pavel Francouz with a rebound.
13:28 of 2nd period - Shot by Clayton Keller.
13:28 of 2nd period - Shot Misses the Net.
13:30 of 2nd period - Shot by Clayton Keller.
13:30 of 2nd period - Shot Misses the Net.
13:35 of 2nd period - Icing by Michael Anderson.
13:36 of 2nd period - Mark Scheifele wins face-off versus Jay Beagle in Bruins zone.
13:54 of 2nd period - Shot by Alex DeBrincat.
13:54 of 2nd period - Shot Blocked by Michael Anderson.
14:17 of 2nd period - Shot by Alex DeBrincat.
14:17 of 2nd period - Stopped by Pavel Francouz without a rebound.
14:18 of 2nd period - Sean Couturier wins face-off versus Brayden Schenn in Bruins zone.
14:18 of 2nd period - Sean Couturier is hit by Brayden Schenn.
14:45 of 2nd period - Icing by Nick Jensen.
14:46 of 2nd period - Jordan Greenway wins face-off versus Nazem Kadri in Bruins zone.
15:36 of 2nd period - Shot by Chris Tierney.
15:36 of 2nd period - Shot Misses the Net.
16:01 of 2nd period - William Borgen is hit by Brandon Tanev and loses puck.
16:20 of 2nd period - Shot by Mark Scheifele.
16:20 of 2nd period - Stopped by Pavel Francouz without a rebound.
16:21 of 2nd period - Brayden Schenn wins face-off versus Paul Stastny in Bruins zone.
16:23 of 2nd period - Nikolaj Ehlers is hit by Marco Scandella and loses puck.
16:31 of 2nd period - Minor Penalty to Michael Anderson for Hooking.
16:32 of 2nd period - Mark Scheifele wins face-off versus Jay Beagle in Bruins zone.
17:15 of 2nd period - Ben Hutton is hit by Alex DeBrincat and loses puck.
18:54 of 2nd period - Vladislav Gavrikov is hit by Sean Couturier and loses puck.
19:08 of 2nd period - Vladislav Gavrikov is hit by Ben Hutton and loses puck.
19:23 of 2nd period - Isac Lundestrom is hit by Lawson Crouse and loses puck.
Goals for this period are 1 for Canadiens vs 0 for Bruins.
Shots for this period are 14 for Canadiens vs 6 for Bruins.

3rd period


0:01 of 3rd period - Mark Scheifele wins face-off versus Paul Stastny in neutral zone.
0:34 of 3rd period - Shot by Alex DeBrincat.
0:34 of 3rd period - Shot Misses the Net.
0:36 of 3rd period - Shot by Alex DeBrincat.
0:36 of 3rd period - Shot Misses the Net.
0:38 of 3rd period - Shot by Ivan Provorov.
0:38 of 3rd period - Stopped by Pavel Francouz without a rebound.
0:39 of 3rd period - Sean Couturier wins face-off versus Brayden Schenn in Bruins zone.
0:39 of 3rd period - Sean Couturier is hit by Brayden Schenn.
0:48 of 3rd period - Jordan Greenway is hit by Tucker Poolman and loses puck.
1:18 of 3rd period - Shot by Sean Couturier.
1:18 of 3rd period - Shot Misses the Net.
1:46 of 3rd period - Shot by Brandon Tanev.
1:46 of 3rd period - Stopped by Pavel Francouz without a rebound.
1:47 of 3rd period - Mark Scheifele wins face-off versus Paul Stastny in Bruins zone.
1:54 of 3rd period - Shot by Alex DeBrincat.
1:54 of 3rd period - Shot Misses the Net.
1:56 of 3rd period - Shot by Ivan Provorov.
1:56 of 3rd period - Goal by Ivan Provorov - Canadiens : 2 - Bruins : 0.
1:57 of 3rd period - Nazem Kadri wins face-off versus Taylor Raddysh in neutral zone.
2:18 of 3rd period - Aaron Ekblad is hit by Chris Tierney and loses puck.
2:33 of 3rd period - Shot by Chris Tierney.
2:33 of 3rd period - Deflect By Taylor Raddysh.
2:33 of 3rd period - Stopped by Marc-Andre Fleury with a rebound.
2:35 of 3rd period - Shot by Marco Scandella.
2:35 of 3rd period - Shot Misses the Net.
3:01 of 3rd period - Shot by Lawson Crouse.
3:01 of 3rd period - Stopped by Marc-Andre Fleury without a rebound.
3:02 of 3rd period - Mark Scheifele wins face-off versus Sean Couturier in Canadiens zone.
3:09 of 3rd period - Joonas Donskoi is hit by Alex DeBrincat.
5:07 of 3rd period - Icing by Chris Tierney.
5:08 of 3rd period - Nazem Kadri wins face-off versus Taylor Raddysh in Bruins zone.
5:19 of 3rd period - Shot by Dillon Dube.
5:19 of 3rd period - Shot Misses the Net.
5:21 of 3rd period - Shot by Nazem Kadri.
5:21 of 3rd period - Stopped by Pavel Francouz without a rebound.
5:22 of 3rd period - Mark Scheifele wins face-off versus Trevor Lewis in Bruins zone.
5:28 of 3rd period - Off-side.
5:29 of 3rd period - Mark Scheifele wins face-off versus Sean Couturier in neutral zone.
5:49 of 3rd period - Shot by Sean Couturier.
5:49 of 3rd period - Deflect By Joonas Donskoi.
5:49 of 3rd period - Stopped by Marc-Andre Fleury without a rebound.
5:50 of 3rd period - Paul Stastny wins face-off versus Nazem Kadri in Canadiens zone.
6:11 of 3rd period - Shot by Lawson Crouse.
6:11 of 3rd period - Shot Misses the Net.
6:13 of 3rd period - Shot by Michael Anderson.
6:13 of 3rd period - Stopped by Marc-Andre Fleury without a rebound.
6:14 of 3rd period - Taylor Raddysh wins face-off versus Mark Scheifele in Canadiens zone.
6:16 of 3rd period - Chris Tierney is hit by Aaron Ekblad and loses puck.
6:23 of 3rd period - Shot by Chris Tierney.
6:23 of 3rd period - Goal by Chris Tierney - Canadiens : 2 - Bruins : 1.
6:24 of 3rd period - Sean Couturier wins face-off versus Brayden Schenn in neutral zone.
6:26 of 3rd period - Off-side.
6:27 of 3rd period - Mark Scheifele wins face-off versus Taylor Raddysh in neutral zone.
6:34 of 3rd period - Shot by Alex DeBrincat.
6:34 of 3rd period - Stopped by Pavel Francouz without a rebound.
6:35 of 3rd period - Paul Stastny wins face-off versus Brayden Schenn in Bruins zone.
6:52 of 3rd period - Shot by Lawson Crouse.
6:52 of 3rd period - Shot Blocked by Ivan Provorov.
7:23 of 3rd period - Icing by Nick Jensen.
7:24 of 3rd period - Paul Stastny wins face-off versus Mark Scheifele in Bruins zone.
7:43 of 3rd period - Shot by Mark Scheifele.
7:43 of 3rd period - Stopped by Pavel Francouz without a rebound.
7:44 of 3rd period - Nazem Kadri wins face-off versus Taylor Raddysh in Bruins zone.
7:45 of 3rd period - Shot by Brandon Tanev.
7:45 of 3rd period - Stopped by Pavel Francouz without a rebound.
7:46 of 3rd period - Sean Couturier wins face-off versus Nazem Kadri in Bruins zone.
7:46 of 3rd period - Sean Couturier is hit by Brandon Tanev.
7:49 of 3rd period - Icing by Joonas Donskoi.
7:50 of 3rd period - Sean Couturier wins face-off versus Daniel Sprong in Bruins zone.
8:00 of 3rd period - Icing by Connor Murphy.
8:01 of 3rd period - Mark Scheifele wins face-off versus Taylor Raddysh in Canadiens zone.
8:15 of 3rd period - Shot by Taylor Raddysh.
8:15 of 3rd period - Deflect By Chris Tierney.
8:15 of 3rd period - Stopped by Marc-Andre Fleury without a rebound.
8:16 of 3rd period - Sean Couturier wins face-off versus Brayden Schenn in Canadiens zone.
8:37 of 3rd period - Marco Scandella is hit by Aaron Ekblad and loses puck.
9:31 of 3rd period - Shot by Connor Murphy.
9:31 of 3rd period - Stopped by Pavel Francouz without a rebound.
9:32 of 3rd period - Nazem Kadri wins face-off versus Paul Stastny in Bruins zone.
9:36 of 3rd period - Minor Penalty to Lawson Crouse for Hooking.
9:37 of 3rd period - Jay Beagle wins face-off versus Nazem Kadri in Bruins zone.
9:48 of 3rd period - Shot by Ivan Provorov.
9:48 of 3rd period - Stopped by Pavel Francouz without a rebound.
9:49 of 3rd period - Jay Beagle wins face-off versus Mark Scheifele in Bruins zone.
10:06 of 3rd period - Shot by Connor Murphy.
10:06 of 3rd period - Stopped by Pavel Francouz without a rebound.
10:07 of 3rd period - Nazem Kadri wins face-off versus Jay Beagle in Bruins zone.
10:21 of 3rd period - Icing by Brayden Schenn.
10:22 of 3rd period - Nazem Kadri wins face-off versus Jay Beagle in Canadiens zone.
10:33 of 3rd period - Shot by Nazem Kadri.
10:33 of 3rd period - Stopped by Pavel Francouz without a rebound.
10:34 of 3rd period - Alex DeBrincat wins face-off versus Jay Beagle in Bruins zone.
10:34 of 3rd period - Alex DeBrincat is hit by Ben Hutton.
11:55 of 3rd period - Shot by Dillon Dube.
11:55 of 3rd period - Shot Blocked by Michael Anderson.
12:07 of 3rd period - Shot by Joonas Donskoi.
12:07 of 3rd period - Stopped by Marc-Andre Fleury without a rebound.
12:08 of 3rd period - Ryan Getzlaf wins face-off versus Paul Stastny in Canadiens zone.
12:13 of 3rd period - Vladislav Gavrikov is hit by William Borgen and loses puck.
12:16 of 3rd period - Shot by Tucker Poolman.
12:16 of 3rd period - Stopped by Pavel Francouz without a rebound.
12:17 of 3rd period - Paul Stastny wins face-off versus Isac Lundestrom in Bruins zone.
12:27 of 3rd period - Ryan Getzlaf is hit by Dylan DeMelo and loses puck.
12:32 of 3rd period - Shot by Ryan Getzlaf.
12:32 of 3rd period - Shot Misses the Net.
12:34 of 3rd period - Shot by Ryan Getzlaf.
12:34 of 3rd period - Shot Misses the Net.
13:08 of 3rd period - Shot by Aaron Ekblad.
13:08 of 3rd period - Shot Misses the Net.
14:17 of 3rd period - Shot by Mark Scheifele.
14:17 of 3rd period - Stopped by Pavel Francouz without a rebound.
14:18 of 3rd period - Sean Couturier wins face-off versus Brayden Schenn in Bruins zone.
15:07 of 3rd period - Shot by Pius Suter.
15:07 of 3rd period - Goal by Pius Suter - Canadiens : 2 - Bruins : 2.
15:08 of 3rd period - Taylor Raddysh wins face-off versus Mark Scheifele in neutral zone.
15:11 of 3rd period - Ivan Provorov is hit by Taylor Raddysh and loses puck.
15:19 of 3rd period - Icing by Ivan Provorov.
15:20 of 3rd period - Jay Beagle wins face-off versus Mark Scheifele in Canadiens zone.
15:35 of 3rd period - Icing by Ivan Provorov.
15:36 of 3rd period - Mark Scheifele wins face-off versus Taylor Raddysh in Canadiens zone.
15:38 of 3rd period - Icing by Alex DeBrincat.
15:39 of 3rd period - Mark Scheifele wins face-off versus Taylor Raddysh in Canadiens zone.
17:09 of 3rd period - Shot by Brayden Schenn.
17:09 of 3rd period - Deflect By Clayton Keller.
17:09 of 3rd period - Stopped by Pavel Francouz with a rebound.
17:30 of 3rd period - Minor Penalty to Scott Mayfield for Tripping.
17:31 of 3rd period - Ryan Getzlaf wins face-off versus Paul Stastny in Canadiens zone.
17:31 of 3rd period - Ryan Getzlaf is hit by Denis Gurianov.
17:55 of 3rd period - Shot by Denis Gurianov.
17:55 of 3rd period - Stopped by Marc-Andre Fleury without a rebound.
17:56 of 3rd period - Ryan Getzlaf wins face-off versus Sean Couturier in Canadiens zone.
17:56 of 3rd period - Brandon Tanev is hit by Sean Couturier and loses puck.
18:01 of 3rd period - Shot by Pius Suter.
18:01 of 3rd period - Stopped by Marc-Andre Fleury without a rebound.
18:02 of 3rd period - Ryan Getzlaf wins face-off versus Paul Stastny in Canadiens zone.
18:02 of 3rd period - Ryan Getzlaf is hit by Jordan Greenway.
19:04 of 3rd period - Icing by Sean Couturier.
19:05 of 3rd period - Sean Couturier wins face-off versus Ryan Getzlaf in Bruins zone.
19:16 of 3rd period - Shot by Sean Couturier.
19:16 of 3rd period - Goal by Sean Couturier - Canadiens : 2 - Bruins : 3.
19:17 of 3rd period - Jay Beagle wins face-off versus Mark Scheifele in neutral zone.
19:24 of 3rd period - Shot by Chris Tierney.
19:24 of 3rd period - Stopped by Marc-Andre Fleury without a rebound.
19:25 of 3rd period - Jay Beagle wins face-off versus Mark Scheifele in Canadiens zone.
19:46 of 3rd period - Canadiens, Marc-Andre Fleury is pulled from the net.
Goals for this period are 1 for Canadiens vs 3 for Bruins.
Shots for this period are 14 for Canadiens vs 12 for Bruins.




Output by the SimonT Hockey Simulator (STHS) for Tyler Bell - Original Page W3C HTML5 Valid
Hockey Simulator - Hockey Simulation - Hockey Manager